 Dungeon Sprint DCSS version 0.18-a0-1577-gf591c28 (webtiles) character file.

320 pipel the Thaumaturge (level 6, -10/33 HPs)
             Began as a Tengu Air Elementalist on Mar 20, 2016.
             Was a Follower of Sif Muna.
             Mangled by a hill giant
             ... wielding a cursed -3 giant spiked club
              (25 damage)
             ... in the Dungeon (Sprint IX: "|||||||||||||||||||||||||||||").
             The game lasted 00:03:04 (223 turns).

pipel the Thaumaturge (Tengu Air Elementalist)       Turns: 223, Time: 00:03:04

Health: -10/33     AC:  3    Str: 11    XL:     6   Next: 46%
Magic:  16/21      EV: 13    Int: 15    God:    Sif Muna [*.....]
Gold:   0          SH:  0    Dex: 20    Spells: 4 memorised, 16 levels left

rFire  . . .     SeeInvis .     b - staff of energy
rCold  . . .     Gourm    .     c - +0 robe
rNeg   . . .     Faith    .     (no shield)
rPois  .         Spirit   .     (helmet restricted)
rElec  .         Dismiss  .     (no cloak)
rCorr  .         Reflect  .     o - +0 pair of gloves
SustAt .         Harm     .     (boots unavailable)
MR     .....     NoTele   +     (no amulet)
Stlth  ++........               r - +3 ring of strength
                                q - +3 ring of dexterity

@: very slightly contaminated, repel missiles, not resistant to hostile
enchantments, unstealthy
A: beak, talons 3, able to fly 1
a: Fly, Channel Energy, Renounce Religion


You were in the Dungeon.
You worshipped Sif Muna.
Sif Muna was aware of your devotion.
You were not hungry.

You visited 1 branch

Inventory:

Hand Weapons
 a - a +4 quarterstaff of speed
Armour
 c - a +0 robe (worn)
 o - a +0 pair of gloves (worn)
 p - a +2 ring mail
Magical Staves
 b - an uncursed staff of energy (weapon)
Jewellery
 q - a +3 ring of dexterity (left hand)
 r - a +3 ring of strength (right hand)
Wands
 l - a wand of lightning (3/15)
Scrolls
 h - 3 scrolls of remove curse
 i - 2 scrolls of amnesia
 k - a scroll of blinking
Potions
 d - 5 potions of curing
 e - a potion of invisibility
 f - 2 potions of heal wounds
 g - 4 potions of magic
Books
 m - a book of Air

   Spells                             Type                      Level
   a - Shock                          Conjuration/Air              1
   b - Swiftness                      Charms/Air                   2
   c - Repel Missiles                 Charms/Air                   2
   d - Static Discharge               Conjuration/Air              3
   e - Lightning Bolt                 Conjuration/Air              5
Comestibles
 j - 3 chunks of flesh
 n - a bread ration


   Skills:
 + Level 0.4 Fighting
 - Level 2.1 Dodging
 - Level 2.0 Stealth
 - Level 11.1 Spellcasting
 * Level 4.0 Conjurations
 + Level 7.0 Air Magic


You had 16 spell levels left.
You knew the following spells:

 Your Spells              Type           Power        Failure   Level  Hunger
a - Shock                 Conj/Air       ###.         1%          1    None
b - Repel Missiles        Chrm/Air       ###...       3%          2    None
c - Static Discharge      Conj/Air       ###.....     2%          3    None
d - Lightning Bolt        Conj/Air       ###.......   28%         5    None


Dungeon Overview and Level Annotations

Branches:
Dungeon (1/1)

Altars:
Cheibriados
Dithmenos
Elyvilon
Fedhas
Gozag
Kikubaaqudgha
Makhleb
Nemelex Xobeh
Okawaru
Pakellas
Qazlal
Ru
Sif Muna
Trog
Vehumet
Xom
Yredelemnul
Zin
The Shining One
Beogh
Jiyva
Lugonu


Innate Abilities, Weirdness & Mutations

You have a beak for a mouth.
You have claws for feet.
You can fly.


Message History

Press: ? - help, Shift-Dir - straight line, f/p - hill giant
Aim: a hill giant, wielding a giant spiked club (heavily wounded)
You hear a mighty clap of thunder!
The bolt of lightning hits the hill giant.
The hill giant is severely wounded.
The bolt of lightning hits the gargoyle.
The gargoyle resists.
The gargoyle is moderately damaged.
This wand has 3 charges left.
Casting: Repel Missiles
Confirm with . or Enter, or press ? or * to list all spells.
Aiming: Lightning Bolt
Press: ? - help, Shift-Dir - straight line, f/p - hill giant
Aim: a hill giant, wielding a giant spiked club (severely wounded)
You miscast Lightning Bolt.
You are very lightly contaminated with residual magic.
You hear a crackling sound.
The hill giant hits you with a giant spiked club!!
Ouch! That really hurt!
You die...

▓.▓
▓.▓
▓†▓
▓†▓
▓.▓
▓9▓
▓C▓
▓@▓
▓.▓
▓.▓
▓.▓
▓[▓
▓)▓
▓.▓
▓.▓
▓.▓


You could see a hill giant and a gargoyle.

Vanquished Creatures
  An ice beast (D)
  An ogre (D)
  A giant frog (D)
  A howler monkey (D)
  A worker ant (D)
  2 adders (D)
  3 bats (D)
  A bat zombie (D)
  A hobgoblin (D)
  A rat (D)
13 creatures vanquished.

Notes
Turn   | Place    | Note
--------------------------------------------------------------
     0 | D        | pipel the Tengu Air Elementalist began the quest for the Orb.
     0 | D        | Reached XP level 1. HP: 10/10 MP: 4/4
     4 | D        | Reached skill level 3 in Spellcasting
    55 | D        | Noticed a sky beast
    55 | D        | Noticed an ice beast
    55 | D        | Noticed an ogre
    55 | D        | Noticed a howler monkey
    55 | D        | Noticed a worker ant
    63 | D        | Killed a worker ant
    63 | D        | Reached skill level 5 in Spellcasting
    63 | D        | Reached XP level 2. HP: 13/15 MP: 1/9
    63 | D        | Reached XP level 3. HP: 16/19 MP: 1/11
    70 | D        | Reached skill level 7 in Spellcasting
    70 | D        | Reached XP level 4. HP: 23/24 MP: 1/14
    72 | D        | Killed an ogre
    72 | D        | Reached skill level 9 in Spellcasting
    72 | D        | Gained mutation: You can fly. [Tengu growth]
    72 | D        | Reached XP level 5. HP: 26/28 MP: 1/18
    76 | D        | Killed an ice beast
    76 | D        | Reached skill level 11 in Spellcasting
    76 | D        | Reached XP level 6. HP: 21/32 MP: 1/21
    90 | D        | Found a glowing silver altar of Zin.
    90 | D        | Found a glowing golden altar of the Shining One.
    90 | D        | Found an ancient bone altar of Kikubaaqudgha.
    90 | D        | Found a basalt altar of Yredelemnul.
    90 | D        | Found a shimmering altar of Xom.
    90 | D        | Found a radiant altar of Vehumet.
    91 | D        | Found an iron altar of Okawaru.
    92 | D        | Found a burning altar of Makhleb.
    93 | D        | Found a deep blue altar of Sif Muna.
    94 | D        | Found a bloodstained altar of Trog.
    95 | D        | Found a sparkling altar of Nemelex Xobeh.
    96 | D        | Found a white marble altar of Elyvilon.
    97 | D        | Found a roughly hewn altar of Beogh.
    98 | D        | Found a viscous altar of Jiyva.
    99 | D        | Found a corrupted altar of Lugonu.
   100 | D        | Found a blossoming altar of Fedhas.
   101 | D        | Became a worshipper of Sif Muna the Loreminder
   105 | D        | Learned a level 2 spell: Repel Missiles
   110 | D        | Learned a level 3 spell: Static Discharge
   110 | D        | Found a snail-covered altar of Cheibriados.
   111 | D        | Found a shadowy altar of Dithmenos.
   112 | D        | Found a stormy altar of Qazlal.
   113 | D        | Found an opulent altar of Gozag.
   114 | D        | Found a sacrificial altar of Ru.
   115 | D        | Found an oddly glowing altar of Pakellas.
   218 | D        | Learned a level 5 spell: Lightning Bolt
   218 | D        | Noticed a gargoyle
   218 | D        | Noticed a hill giant
   220 | D        | Reached * piety under Sif Muna
   223 | D        | Mangled by a hill giant

Vault maps used:
D:        linesprint

Skill      XL: |  1  2  3  4  5  6 |
---------------+-------------------+-----
Spellcasting   | 5 7 9 11 | 11.1
Conjurations   | 4 |  4.0
Air Magic      | 7 |  7.0
Fighting       | |  0.4
Dodging        | |  2.1
Stealth        | |  2.0

Action                   |  1- 3 |  4- 6 || total
-------------------------+-------+-------++-------
Melee: Unarmed           |     5 |     9 ||    14
 Cast: Shock             |     9 |       ||     9
       Repel Missiles    |       |     1 ||     1
Evoke: Wand              |       |     4 ||     4
  Use: Potion            |     1 |     2 ||     3
       Scroll            |       |     1 ||     1
